 Dungeon Crawl Stone Soup version 0.20.0-8-g6b59dc7 (webtiles) character file.

58 Darkell the Ducker (level 4, -4/27 HPs)
             Began as a Tengu Gladiator on May 30, 2017.
             Slain by Sigmund
             ... wielding a +0 scythe
              (6 damage)
             ... on level 2 of the Dungeon.
             The game lasted 00:00:52 (1085 turns).

Darkell the Ducker (Tengu Gladiator)                Turns: 1085, Time: 00:00:52

Health: -4/27      AC:  3    Str: 15    XL:     4   Next: 1%
Magic:  5/5        EV: 14    Int: 13    God:
Gold:   140        SH:  0    Dex: 16    Spells: 3/3 levels left

rFire    . . .     SeeInvis .   a - +0 long sword
rCold    . . .     Gourm    .   (no shield)
rNeg     . . .     Faith    .   b - +0 leather armour
rPois    .         Spirit   .   c - +0 hat
rElec    .         Reflect  .   (no cloak)
rCorr    .         Harm     .   (no gloves)
MR       .....                  (boots unavailable)
Stlth    +.........             (no amulet)
Regen    0.1/turn               (no ring)
MPRegen  0.1/turn               (no ring)

@: confused, brilliant, drained
A: beak, talons 3
a: no special abilities


You were on level 2 of the Dungeon.
You were hungry.

You visited 1 branch of the dungeon, and saw 2 of its levels.

You collected 140 gold pieces.

Inventory:

Hand Weapons
 a - a +0 long sword (weapon)
Missiles
 d - 3 throwing nets (quivered)
Armour
 b - a +0 leather armour (worn)
 c - a +0 hat (worn)
Scrolls
 e - 2 scrolls of remove curse {unknown}
 g - a scroll of identify {unknown}
 i - a scroll of enchant weapon {unknown}
 j - a scroll of teleportation {unknown}
 k - a scroll of immolation {unknown}
Comestibles
 f - a bread ration
 l - 2 royal jellies


   Skills:
 + Level 2.3(2.1) Fighting
 + Level 4.0(3.8) Long Blades
 + Level 2.1(1.9) Throwing
 + Level 1.0(0.8) Armour
 + Level 4.1(3.8) Dodging


You had 3 spell levels left.
You didn't know any spells.

Dungeon Overview and Level Annotations

Branches:
Dungeon (2/15)

Altars:

Annotations:
D:2 Sigmund


Innate Abilities, Weirdness & Mutations

You have a beak for a mouth.
You have claws for feet.


Message History

You barely miss Sigmund. You claw Sigmund, but do no damage.
Sigmund is severely wounded.
Sigmund closely misses you.
You closely miss Sigmund. You claw Sigmund. Your peck misses Sigmund.
Sigmund is severely wounded.
Sigmund casts a spell at you.
You are confused.
You barely miss Sigmund. Your peck misses Sigmund.
Sigmund is severely wounded.
Sigmund mumbles some strange words.
Sigmund flickers and vanishes!
Deactivating autopickup; reactivate with Ctrl-A.
Something hits you!
* * * LOW HITPOINT WARNING * * *
You bump into the rock wall.
You bump into the rock wall.
You hear some strange, mumbled words.
Something tries to affect you, but you resist.
You closely miss something. Your peck misses something. Something hits you.
You die...

#.........##.###.# #.#
#.###.###.#.#.##.#####.#
#.# #.##.(.###......##.#
#.# #.......#.##.##.##.#
#.# ####...#.###.##.##.#
#.# ##.##.# #.##.##.#
#.## #....###.......#
#..# #.#####........#
##.# ##'## #@###.##.# #
#.# ##...## #{# #.##.#
###)####.....###.#
#....#
..............##.#
#.##.#
..#.##.........#..
.....#
.....+.........+.. ...
.# ....##.........###
.######.......## ..
.......##


There were no monsters in sight!

Vanquished Creatures
  Jessica (D:2)
  A gnoll (D:1)
  2 dart slugs
  3 bats (D:1)
  A goblin (D:1)
  2 hobgoblins
  3 frilled lizards (D:1)
  3 kobolds
  7 rats
23 creatures vanquished.

Notes
Turn   | Place    | Note
-------+----------+-------------------------------------------
     0 | D:1      | Darkell the Tengu Gladiator began the quest for the Orb.
     0 | D:1      | Reached XP level 1. HP: 12/12 MP: 2/2
   277 | D:1      | Reached XP level 2. HP: 15/17 MP: 3/3
   477 | D:1      | Reached XP level 3. HP: 14/21 MP: 4/4
   999 | D:2      | Noticed Jessica
  1007 | D:2      | Killed Jessica
  1007 | D:2      | Reached skill level 1 in Armour
  1007 | D:2      | Reached XP level 4. HP: 23/27 MP: 5/5
  1070 | D:2      | Noticed Sigmund
  1073 | D:2      | HP: 1/27 [Sigmund/scythe (10)]
  1085 | D:2      | Slain by Sigmund

Skill      XL: |  1  2  3 |
---------------+----------+-----
Long Blades    | 4 |  4.0
Armour         | 1 |  1.0
Dodging        | 4 |  4.1
Fighting       | |  2.3
Throwing       | |  2.1

Action                   |  1- 3 |  4- 6 || total
-------------------------+-------+-------++-------
Melee: Long sword        |    47 |    10 ||    57
       Kick              |    16 |     3 ||    19
       Peck              |     7 |       ||     7
  Use: Potion            |       |     2 ||     2
Armor: Leather armour    |    13 |       ||    13
Dodge: Dodged            |    36 |     4 ||    40
       Rpst.: Long sword |    14 |     1 ||    15
